 Dungeon Crawl Stone Soup version 0.32-a0-616-g9348d4545b (webtiles) character file.

Game seed: 9846363288637663095

2 LobsterGuardian the Caller (level 1, -1/14 HPs)
             Began as a Mountain Dwarf Summoner on Mar 5, 2024.
             Slain by a jackal (3 damage)
             ... on level 1 of the Dungeon.
             The game lasted 00:02:40 (100 turns).

LobsterGuardian the Caller (Mountain Dwarf Summoner) Turns: 100, Time: 00:02:40

Health: -1/14      AC:  2    Str: 10    XL:     1   Next: 25%
Magic:  0/3        EV: 11    Int: 15    God:
Gold:   5          SH:  0    Dex: 10    Spells: 2/3 levels left

rFire   . . .        (no weapon)
rCold   . . .        (no shield)
rNeg    . . .        a - +0 robe
rPois   .            (no helmet)
rElec   .            (no cloak)
rCorr   .            (no gloves)
SInv    .            (no boots)
Will    .....        (no amulet)
Stlth   ++           (no ring)
HPRegen 0.22/turn    (no ring)
MPRegen 0.08/turn

%: no passive effects
@: no status effects
A: runic magic, artefact enchanting
a: no special abilities


You were on level 1 of the Dungeon.
You visited 1 branch of the dungeon, and saw 1 of its levels.

You collected 5 gold pieces.

Inventory:

Armour
 a - a +0 robe (worn)


   Skills:
 + Level 1.3 Dodging
 + Level 1.4 Stealth
 + Level 1.8 Spellcasting
 + Level 4.0 Summonings


You had 2 spell levels left.
You knew the following spells:

 Your Spells              Type           Power      Damage    Failure   Level
a - Summon Small Mammal   Summ           52%        N/A       4%          1

Your spell library contained the following spells:

 Spells                   Type           Power      Damage    Failure   Level
 Call Imp                 Summ           26%        N/A       6%          2
 Call Canine Familiar     Summ           13%        N/A       13%         3
 Summon Blazeheart Golem  Fire/Summ      7%         N/A       69%         4
 Summon Lightning Spire   Summ/Air       7%         N/A       69%         4


Dungeon Overview and Level Annotations

Branches:
Dungeon (1/15)

Altars:


Innate Abilities, Weirdness & Mutations

Your spellcasting is much less encumbered by armour.
You can use scrolls of enchantment on lesser artefacts.


Message History

The quokka bites you but does no damage.
Your surroundings suddenly seem different. 2 jackals and an endoplasm come into view.
Found a stone staircase leading down.
The jackal barks!
You hear a bark!
The jackal barks!
The endoplasm quivers.
A jackal comes into view.
Magic courses through your body.
Casting: Summon Small Mammal (safe; 4% risk of failure)
Confirm with . or Enter, or press ? or * to list all spells.
The jackal barely misses your rat.
Casting: Summon Small Mammal (safe; 4% risk of failure)
Confirm with . or Enter, or press ? or * to list all spells.
Your rat disappears in a puff of smoke!
The jackal bites your rat but does no damage.
The jackal bites you. The jackal bites your rat.
Your rat completely misses the jackal.
You swap places.
Found a leather armour.
The jackal bites your rat. The endoplasm hits your rat.
Your rat dies!
Your rat's corpse disappears in a puff of smoke!
Your rat barely misses the jackal.
Unknown command.
Casting: Summon Small Mammal (safe; 4% risk of failure)
Confirm with . or Enter, or press ? or * to list all spells.
The jackal bites you.
* * * LOW HITPOINT WARNING * * *
The jackal bites you.
* * * LOW HITPOINT WARNING * * *
You hit the hobgoblin but do no damage. Your bat hits the jackal.
The hobgoblin closely misses you. The jackal misses you. The jackal bites you.
* * * LOW HITPOINT WARNING * * *
Your rat bites the jackal.
Unknown command.
Casting: Summon Small Mammal (safe; 4% risk of failure)
Confirm with . or Enter, or press ? or * to list all spells.
Your rat disappears in a puff of smoke!
Your bat hits the endoplasm but does no damage.
The jackal bites you.
You die...

#.Jg# ######K####
...##.....# ⌠...#...r.#
....#...gr# ##
....#.....#### ..#
#####........# #####.#.#
.........###J.r###.......#
########## #.g@hJb.....#
####hh......# #.§......#
##..>....# ###.###.# ..[ #
.... ... ...#


You could see 2 endoplasms, 3 jackals, a hobgoblin (ally target), a friendly
quokka (summoned) and a friendly bat (summoned).

Vanquished Creatures
  An endoplasm (D:1)
1 creature vanquished.

Vanquished Creatures (collateral kills)
  A frilled lizard (D:1)
1 creature vanquished.

Grand Total: 2 creatures vanquished

Notes
Turn   | Place    | Note
-------+----------+-------------------------------------------
     0 | D:1      | LobsterGuardian the Mountain Dwarf Summoner began the quest
                  | for the Orb.
     0 | D:1      | Reached XP level 1. HP: 14/14 MP: 3/3
   100 | D:1      | Slain by a jackal

Illustrated notes

Levels and vault maps discovered:
D:1:      giann_wishing_wells, layout_basic, serial_shops, shop_statue,
          minmay_misc_feat_encased

Action                     || total
---------------------------++-------
  Melee: Unarmed           ||    11
   Cast: Summon Small Mamm ||     9
    Use: Scroll            ||     1
         Potion            ||     1
 Armour: Robe              ||    17
  Dodge: Dodged            ||    13

Table legend: (Time is in decaauts)
 A = Elapsed time spent in this place.
 B = Non-inter-level travel time spent in this place.
 C = Inter-level travel time spent in this place.
 D = Time resting spent in this place.
 E = Time spent auto-exploring this place.
 F = Levels seen in this place.
 G = Mean time per level.
                   A        B        C        D        E       F      G
               +--------+--------+--------+--------+--------+-----+--------+
         Total |    100 |    100 |      0 |      0 |     63 |   1 |  100.0 |
       Dungeon |    100 |    100 |      0 |      0 |     63 |   1 |  100.0 |
               +--------+--------+--------+--------+--------+-----+--------+

Top non-repeatable levels by time:
     D:1: 100 daAuts
